 Dungeon Crawl Stone Soup version 0.30.0-5-g1a98f26d00 (webtiles) character file.

Game seed: 1830244699545517391

127 SnakkuSnakku7 the Changer (level 4, 0/24 HPs)
             Began as a Deep Elf Transmuter on May 11, 2023.
             Slain by an orc priest
             ... wielding a +0 mace
              (4 damage)
             ... on level 3 of the Dungeon.
             The game lasted 00:04:04 (2125 turns).

SnakkuSnakku7 the Changer (Deep Elf Transmuter)     Turns: 2125, Time: 00:04:05

Health: 0/24       AC:  2    Str:  7    XL:     4   Next: 85%
Magic:  8/10       EV: 20    Int: 20    God:
Gold:   88         SH:  0    Dex: 20    Spells: 1/9 levels left

rFire   . .          .
                       - Unarmed
rCold   . . .        (shield currently unavailable)
rNeg    + . .        e - melded +2 robe {rC+}
rPois   x            (helmet currently unavailable)
rElec   .            (cloak currently unavailable)
rCorr   .            (gloves currently unavailable)
SInv    .            (boots currently unavailable)
Will    .....        (no amulet)
Stlth   ++           p - ring of positive energy
HPRegen 0.24/turn    (no ring)
MPRegen 0.12/turn

%: no passive effects
@: spider-form (expiring)
A: venomous fangs, tiny
a: End Transformation


You were on level 3 of the Dungeon.
You were a venomous arachnid creature.
You visited 1 branch of the dungeon, and saw 3 of its levels.

You collected 88 gold pieces.

Inventory:

Armour
 a - a +0 robe
 e - a +2 robe of cold resistance (melded)
 q - a +0 buckler
Jewellery
 p - a ring of positive energy (left front pincers)
Wands
 o - a wand of iceblast (9)
Scrolls
 c - a scroll of identify {unknown}
 d - a scroll of poison {unknown}
 f - a scroll of blinking {unknown}
 i - a scroll of magic mapping {unknown}
 k - a scroll of acquirement {unknown}
 n - 2 scrolls of teleportation {unknown}
 s - a scroll of fog {unknown}
 u - 2 scrolls of vulnerability {unknown}
Potions
 b - a potion of lignification
 g - a potion of mutation {unknown}
 h - a potion of haste {unknown}
 j - a potion of cancellation {unknown}
 l - 3 potions of curing {unknown}
 m - a potion of invisibility {unknown}
 r - a potion of degeneration {unknown}
 t - a potion of flight {unknown}


   Skills:
 - Level 0.7 Fighting
 - Level 2.4 Dodging
 - Level 3.0 Unarmed Combat
 - Level 3.0 Spellcasting
 + Level 4.2 Transmutations
 + Level 1.4 Ice Magic
 - Level 1.8 Poison Magic


You had one spell level left.
You knew the following spells:

 Your Spells              Type           Power      Damage    Failure   Level
a - Beastly Appendage     Tmut           40%        N/A       10%         1
b - Spider Form           Tmut/Pois      15%        N/A       28%         3
c - Ice Form              Ice/Tmut       14%        N/A       63%         4

Your spell library contained the following spells:

 Spells                   Type           Power      Damage    Failure   Level
 Wereblood                Tmut           20%        N/A       12%         2


Dungeon Overview and Level Annotations

Branches:
Dungeon (3/15)

Altars:


Message History

The spell is quite dangerous to miscast (12% risk of failure)!
Continue anyway?
You turn into a venomous arachnid creature.
Your +2 robe of cold resistance melds into your body.
You feel less resistant to cold.
Unknown command.
You hit the orc.
The orc is poisoned.
The orc is almost dead.
You kill the orc!
You hit the orc.
The orc is lightly wounded.
You hit the orc but do no damage.
The orc is lightly wounded.
The orc misses you.
You hit the orc but do no damage.
The orc is poisoned.
The orc is lightly wounded.
The orc hits you with a +0 hand axe.
You hit the orc.
The orc looks as sick as possible!
The orc is almost dead.
You kill the orc!
The orc priest looks encouraged for a moment.
You barely miss the orc priest.
You hit the orc priest but do no damage.
The orc priest invokes the aid of Beogh against you.
Pain shoots through your body!
You barely miss the orc priest.
Your transformation is almost over.
The orc closely misses you. The orc priest closely misses you.
You barely miss the orc priest. The orc closely misses you.
The orc priest invokes the aid of Beogh against you.
Beogh smites you!
* * * LOW HITPOINT WARNING * * *
You are too injured to fight recklessly!
You are too injured to fight recklessly!
You are too injured to fight recklessly!
You hit the orc priest.
The orc priest is poisoned.
The orc priest is moderately wounded.
The orc hits you with a +0 dagger.
* * * LOW HITPOINT WARNING * * *
The orc priest hits you with a +0 mace.
You die...

#................#......
#.##.....................#.
.................#.......#.
........####+#.......#.....
.....##....#.#.####..#.....
.... #..#.#.... ....#.....
.....##.<..................
..........####..##..##....
........os......#.........
........o#####.##..#.###..
....###.....# .. #. #..
.... #####.# # ### #.. #.#
## #.# #.oo...........
#o.............
#.o.o..........


You could see an orc priest (very poisoned) and an orc.

Vanquished Creatures
  4 gnolls
  5 adders
  2 orcs (D:3)
  5 endoplasms
  3 giant cockroaches (D:2)
  2 hobgoblins
  3 quokkas
  5 ball pythons
  4 bats
  2 frilled lizards (D:1)
  2 goblins
  4 kobolds
  5 rats
46 creatures vanquished.

Notes
Turn   | Place    | Note
-------+----------+-------------------------------------------
     0 | D:1      | SnakkuSnakku7 the Deep Elf Transmuter began the quest for
                  | the Orb.
     0 | D:1      | Reached XP level 1. HP: 11/11 MP: 6/6
   334 | D:1      | Reached XP level 2. HP: 16/16 MP: 5/8
   856 | D:2      | Reached skill level 3 in Transmutations
   952 | D:1      | Reached XP level 3. HP: 20/20 MP: 7/9
   956 | D:1      | Learned a level 3 spell: Spider Form
  1233 | D:2      | Reached skill level 1 in Poison Magic
  1522 | D:2      | Reached XP level 4. HP: 24/24 MP: 7/10
  1537 | D:2      | Learned a level 4 spell: Ice Form
  1841 | D:3      | Reached skill level 4 in Transmutations
  1943 | D:3      | Reached skill level 1 in Ice Magic
  2125 | D:3      | Slain by an orc priest

Illustrated notes

Levels and vault maps discovered:
D:1:      wander_arrival_estate, layout_basic,
          nicolae_concentric_dashed_squares_mild
D:2:      kennysheep_six_static_rooms, layout_basic, serial_bayou_ford_a
D:3:      layout_basic, serial_shops, shop, nicolae_shop_just_a_little_nook,
          kennysheep_generic_room_4

Skill      XL: |  1  2  3  4 |
---------------+-------------+-----
Transmutations | 3 4 |  4.2
Unarmed Combat | 3 |  3.0
Poison Magic   | 1 |  1.8
Ice Magic      | 1 |  1.4
Fighting       | |  0.7
Dodging        | |  2.4
Spellcasting   | |  3.0

Action                     |  1- 3 |  4- 6 || total
---------------------------+-------+-------++-------
  Melee: Unarmed           |   136 |    47 ||   183
         Kick              |    20 |     6 ||    26
         Headbutt          |    10 |     3 ||    13
   Cast: Beastly Appendage |    15 |     4 ||    19
         Spider Form       |       |     2 ||     2
   Stab: Sleeping          |     1 |     1 ||     2
 Armour: Robe              |    36 |     6 ||    42
  Dodge: Dodged            |    83 |    26 ||   109
